 Dungeon Crawl Stone Soup version 0.30-a0-159-g068b764562 (webtiles) character file.

Game seed: 3488383419414241224

30 IdlyInterested the Grave Robber (level 3, -2/20 (28) HPs)
             Began as a Demonspawn Wanderer on Sept 27, 2022.
             Slain by Terence
             ... wielding a +0 flail
              (6 damage)
             ... on level 2 of the Dungeon.
             The game lasted 00:06:20 (1155 turns).

IdlyInterested the Grave Robber (DsWn)              Turns: 1155, Time: 00:06:21

HP:   -2/20 (28)    AC:  6    Str: 10    XL:     3   Next: 3%
MP:   5/5           EV: 10    Int: 19    God:
Gold: 52            SH:  0    Dex: 10    Spells: 2/4 levels left

rFire   . . .      SeeInvis .    c - +0 dagger
rCold   . . .      Faith    .    (no shield)
rNeg    . . .      Spirit   .    h - +0 ring mail
rPois   .          Reflect  .    (no helmet)
rElec   .          Harm     .    (no cloak)
rCorr   .          Rampage  .    d - +0 pair of gloves
Will    .....                    (no boots)
Stlth   ..........               a - amulet of regeneration
HPRegen 0.86/turn                (no ring)
MPRegen 0.09/turn                (no ring)

@: very heavily drained
A: demonic magic 1
a: no special abilities


You were on level 2 of the Dungeon.
You visited 1 branch of the dungeon, and saw 2 of its levels.

You collected 52 gold pieces.

Inventory:

Hand Weapons
 c - a +0 dagger (weapon)
 g - a +0 short sword
Armour
 d - a +0 pair of gloves (worn)
 f - a +0 scale mail
 h - a +0 ring mail (worn)
 i - a +0 chain mail of positive energy
Jewellery
 a - an amulet of regeneration (around neck)
Scrolls
 b - a scroll of teleportation


   Skills:
 * Level 2.3 Fighting
 + Level 0.4 Short Blades
 - Level 2.0 Dodging
 + Level 1.4 Spellcasting
 - Level 3.0 Hexes
 - Level 3.2 Necromancy


You had 2 spell levels left.
You knew the following spells:

 Your Spells              Type           Power      Damage    Failure   Level
a - Kiss of Death         Conj/Necr      28%        2d7       24%         1
b - Slow                  Hex            48%        N/A       14%         1

Your spell library contained the following spells:

 Spells                   Type           Power      Damage    Failure   Level
 Ensorcelled Hibernation  Hex/Ice        14%        N/A       36%         2
 Cigotuvi's Dreadful Rot  Necr/Pois/Air  10%        N/A       41%         2
 Poisonous Vapours        Pois/Air       2%         N/A       56%         2
 Vampiric Draining        Necr           13%        2d6       36%         3
 Tukima's Dance           Hex            12%        N/A       38%         3
 Dazzling Flash           Conj/Hex       14%        N/A       58%         3
 Summon Guardian Golem    Hex/Summ       7%         N/A       58%         3
 Iskenderun's Mystic Bla  Conj/Tloc      1%         2d3       99%         4
 Starburst                Conj/Fire      0%         6d3       100%        6
 Orb of Destruction       Conj           0%         9d5       100%        7
 Spellforged Servitor     Conj/Summ      0%         N/A       100%        7


Dungeon Overview and Level Annotations

Branches:
Dungeon (2/15)

Altars:

Annotations:
D:2 Terence


Innate Abilities, Weirdness & Mutations

Spells you cast may paralyse adjacent enemies.


Message History

The worm is almost dead.
The worm bites you!
Ouch! That really hurt!
You barely miss the worm.
The worm is severely wounded.
You hit the worm but do no damage.
The worm is severely wounded.
You barely miss the worm.
The worm is severely wounded.
The worm closely misses you.
You barely miss the worm.
The worm is severely wounded.
You hit the worm but do no damage.
The worm is severely wounded.
The worm bites you.
You hit the worm but do no damage.
The worm is severely wounded.
You hit the worm.
The worm is severely wounded.
You hit the worm.
You kill the worm!
You have reached level 3!
Your experience leads to an increase in your attributes!
Increase (S)trength, (I)ntelligence, or (D)exterity?
You feel clever. x2
You start resting.
HP restored.
Found 11 gold pieces.
You now have 52 gold pieces (gained 14).
Terence the Incautious comes into view.
He is wielding a +0 flail and carrying a wand of light (7).
Terence shouts!
Terence zaps a wand.
The bolt of light hits you!
You are confused.
Ouch! That really hurt!
* * * LOW HITPOINT WARNING * * *
You aren't carrying any potions.
You're too confused to cast spells.
You feel less confused. Terence hits you with a +0 flail.
You die...

#))## #....#
#..#
#######.##.....
#..# ........#
#### #<.#
.######.# ...#
###.### #..#
#.....# #..#
###.....######
...#
#.....$.......
#.##
#.#..@@.####..
..#
#.#...........
######## #
###.########
†....... #.#
........ ..#
######## ##.#
..# ##


You could see Terence.

Vanquished Creatures
  An adder (D:2)
  A worm (D:2)
  2 ball pythons (D:1)
  A giant cockroach (D:1)
  2 goblins
  A hobgoblin (D:2)
  3 bats (D:1)
  7 frilled lizards (D:1)
  2 kobolds
  A rat (D:1)
21 creatures vanquished.

Notes
Turn   | Place    | Note
-------+----------+-------------------------------------------
     0 | D:1      | IdlyInterested the Demonspawn Wanderer began the quest for
                  | the Orb.
     0 | D:1      | IdlyInterested set off with the following items: a +0 club,
                  | a scroll of teleportation, a +0 robe, a +0 pair of gloves;
                  | and the following spells available to memorise: Slow, Kiss
                  | of Death, Ensorcelled Hibernation, Vampiric Draining,
                  | Tukima's Dance.
     0 | D:1      | Reached XP level 1. HP: 15/15 MP: 2/2
   126 | D:1      | Found a faded altar of an unknown god.
   239 | D:1      | Learned a level 1 spell: Kiss of Death
   518 | D:1      | Gained mutation: Spells you cast may paralyse adjacent
                  | enemies. [demonic ancestry]
   518 | D:1      | Reached XP level 2. HP: 21/22 MP: 3/3
  1015 | D:2      | Learned a level 1 spell: Slow
  1143 | D:2      | Reached XP level 3. HP: 18/20 MP: 5/5
  1151 | D:2      | Noticed Terence
  1155 | D:2      | Slain by Terence

Illustrated notes

Levels and vault maps discovered:
D:1:      ebering_trefoil_3fold, layout_basic,
          ebering_ecumenical_altar_abandoned, minmay_lizard_pond
D:2:      minmay_alternating_diamond, layout_loops_ring, basic_altar,
          minivault_23, uniq_terence, uniq_jessica

Skill      XL: |  1  2 |
---------------+-------+-----
Dodging        | 2 |  2.0
Fighting       | 2 |  2.3
Short Blades   | |  0.4
Spellcasting   | |  1.4
Hexes          | |  3.0
Necromancy     | |  3.2

Action                   || total
-------------------------++-------
Melee: Club              ||    56
       Dagger            ||    54
       Punch             ||     1
 Cast: Kiss of Death     ||     3
       Slow              ||     2
  Use: Scroll            ||     2
 Stab: Paralysed         ||     8
Armor: Scale mail        ||    53
       Robe              ||     3
       Ring mail         ||     9
Dodge: Dodged            ||    68

Table legend: (Time is in decaauts)
 A = Elapsed time spent in this place.
 B = Non-inter-level travel time spent in this place.
 C = Inter-level travel time spent in this place.
 D = Time resting spent in this place.
 E = Time spent auto-exploring this place.
 F = Levels seen in this place.
 G = Mean time per level.
                   A        B        C        D        E       F      G
               +--------+--------+--------+--------+--------+-----+--------+
         Total |   1172 |   1064 |    108 |     15 |    666 |   2 |  586.0 |
       Dungeon |   1172 |   1064 |    108 |     15 |    666 |   2 |  586.0 |
               +--------+--------+--------+--------+--------+-----+--------+

Top non-repeatable levels by time:
     D:1: 1027 daAuts
     D:2: 144 daAuts
